[Event "FRA-ch Youth U18W 2019"]
[Site "Hyeres"]
[Date "2019.04.17"]
[Round "5.4"]
[White "Tourneur, Cloe"]
[Black "Spano, Aline"]
[Result "1/2-1/2"]
[ECO "B18"]
[WhiteElo "1654"]
[BlackElo "1419"]
[Annotator "NA RC"]
[PlyCount "81"]
[EventDate "2019.04.14"]
[EventType "swiss"]
[EventCountry "FRA"]
[SourceTitle "playchess.com"]
[Source "ChessBase"]
[SourceQuality "1"]
[TimeControl "5400+30"]

1. e4 c6 2. d4 d5 3. Nc3 dxe4 4. Nxe4 h6 5. Nf3 Bf5 6. Ng3 Bh7 7. Bd3 Bxd3 8. Qxd3 Nf6 9. Bd2 e6 10. O-O-O Nbd7 11. Ne4 Be7 12. Bf4 Nb6 13. h3 Nbd5 14. Nxf6+ Bxf6 15. Be5 Bxe5 16. Nxe5 Qg5+ 17. Kb1 O-O 18. g3 Rfd8 19. f4 Qe7 20. Rdf1 c5 21. f5 Nf6 22. fxe6 Qxe6 23. Nf3 Rac8 24. c3 Qc6 25. Qe3 Ne4 26. Ne5 Qd5 27. Nxf7 cxd4 28. cxd4 Qxd4 29. Qe1 Nd2+ 30. Ka1 Rf8 31. Rf4 Qd7 32. Ne5 Qd6 33. Rh2 Rc2 34. Rxf8+ Kxf8 35. Rf2+ Kg8 36. Nf7 Qc7 37. Qe8+ Kh7 38. Ng5+ hxg5 39. Qh5+ Kg8 40. Qe8+ Kh7 41. Qh5+ 1/2-1/2

[Event "FRA-ch Youth U18W 2019"]
[Site "Hyeres"]
[Date "2019.04.18"]
[Round "6.1"]
[White "Bellahcene, Meriem"]
[Black "Pucheu, Camille"]
[Result "0-1"]
[ECO "B76"]
[WhiteElo "1883"]
[BlackElo "1695"]
[Annotator "NA"]
[PlyCount "74"]
[EventDate "2019.04.14"]
[EventType "swiss"]
[EventCountry "FRA"]
[SourceTitle "playchess.com"]
[Source "ChessBase"]
[SourceQuality "1"]
[TimeControl "5400+30"]

1. e4 c5 2. Nf3 d6 3. d4 cxd4 4. Nxd4 Nf6 5. Nc3 g6 6. Be3 Bg7 7. f3 O-O 8. Qd2 Nc6 9. O-O-O Bd7 10. g4 Ne5 11. h4 h5 12. gxh5 Nxh5 13. Rg1 Rc8 14. Be2 Nc4 15. Bxc4 Rxc4 16. Qe2 b5 17. f4 Nxf4 18. Bxf4 Rxd4 19. h5 Be8 20. Rh1 b4 21. Nd5 e6 22. Rxd4 Bxd4 23. Nxb4 Bxb2+ 24. Kxb2 Qf6+ 25. c3 Qxf4 26. Nd3 Qg5 27. e5 Bb5 28. Rh3 Bxd3 29. Qxd3 Rb8+ 30. Kc2 Qg2+ 31. Kd1 Rb2 32. Re3 Rxa2 33. Re2 Qg1+ 34. Re1 Ra1+ 35. Kc2 Qxe1 36. hxg6 Qc1+ 37. Kb3 Qb1+ 0-1

[Event "FRA-ch Youth U18W 2019"]
[Site "Hyeres"]
[Date "2019.04.18"]
[Round "6.3"]
[White "Lomandong, Noela-Joyce"]
[Black "Tourneur, Cloe"]
[Result "1-0"]
[ECO "A07"]
[WhiteElo "1942"]
[BlackElo "1654"]
[Annotator "NA"]
[PlyCount "77"]
[EventDate "2019.04.14"]
[EventType "swiss"]
[EventCountry "FRA"]
[SourceTitle "playchess.com"]
[Source "ChessBase"]
[SourceQuality "1"]
[TimeControl "5400+30"]

1. Nf3 d5 2. g3 Nf6 3. Bg2 Bg4 4. b3 e6 5. Bb2 Be7 6. d3 Nbd7 7. Nbd2 O-O 8. c4 c6 9. Qc2 a5 10. O-O Re8 11. h3 Bh5 12. a3 Bd6 13. e4 dxe4 14. dxe4 e5 15. Bc3 Qe7 16. Bb2 Rec8 17. Nh4 Qe6 18. Nf5 Bf8 19. Qc3 b5 20. g4 Bg6 21. Rfe1 h5 22. Qg3 Re8 23. Nf3 bxc4 24. Ng5 Nxe4 25. Bxe4 Qf6 26. Nf3 cxb3 27. Rac1 Rac8 28. Bb1 Bd6 29. Nxd6 Qxd6 30. Rcd1 Qe7 31. Bxg6 fxg6 32. Nxe5 Nxe5 33. Rxe5 Qf7 34. gxh5 Rxe5 35. Bxe5 gxh5 36. Rd6 Kh7 37. Qd3+ Kh8 38. Rh6+ Kg8 39. Rg6 1-0

[Event "FRA-ch Youth U18W 2019"]
[Site "Hyeres"]
[Date "2019.04.18"]
[Round "6.4"]
[White "Spano, Aline"]
[Black "Conti, Anne-Marie"]
[Result "0-1"]
[ECO "B01"]
[WhiteElo "1419"]
[BlackElo "1809"]
[Annotator "NA"]
[PlyCount "62"]
[EventDate "2019.04.14"]
[EventType "swiss"]
[EventCountry "FRA"]
[SourceTitle "playchess.com"]
[Source "ChessBase"]
[SourceQuality "1"]
[TimeControl "5400+30"]

1. e4 d5 2. exd5 Qxd5 3. Nc3 Qd6 4. d4 Nf6 5. Bc4 g6 6. Nge2 Bg7 7. Bf4 Qd8 8. Nb5 Na6 9. Qd2 c6 10. Nbc3 Nc7 11. Bh6 O-O 12. Bxg7 Kxg7 13. O-O b5 14. Bd3 Ne6 15. Be4 Nxe4 16. Nxe4 f5 17. N4g3 f4 18. Qc3 Qd5 19. Nh1 f3 20. gxf3 Rxf3 21. Qd2 c5 22. Rad1 Bb7 23. Neg3 Rxg3+ 24. fxg3 Qxh1+ 25. Kf2 Rf8+ 26. Ke2 Qg2+ 27. Kd3 Rf3+ 28. Rxf3 Qxf3+ 29. Qe3 Qxd1+ 30. Qd2 c4+ 31. Ke3 Qf3# 0-1

[Event "FRA-ch Youth U18W 2019"]
[Site "Hyeres"]
[Date "2019.04.19"]
[Round "7.1"]
[White "Pucheu, Camille"]
[Black "Lomandong, Noela-Joyce"]
[Result "0-1"]
[ECO "B92"]
[WhiteElo "1695"]
[BlackElo "1942"]
[Annotator "NA"]
[PlyCount "126"]
[EventDate "2019.04.14"]
[EventType "swiss"]
[EventCountry "FRA"]
[SourceTitle "playchess.com"]
[Source "ChessBase"]
[SourceQuality "1"]
[TimeControl "5400+30"]

1. e4 c5 2. Nf3 d6 3. d4 cxd4 4. Nxd4 Nf6 5. Nc3 a6 6. Be2 e5 7. Nb3 Be6 8. O-O Be7 9. h3 Nc6 10. Be3 b5 11. Bf3 Rc8 12. Nd5 O-O 13. c3 Bxd5 14. exd5 Na5 15. Nxa5 Qxa5 16. Bg5 h6 17. Bxf6 Bxf6 18. a3 Bg5 19. Re1 Qb6 20. Qd3 f5 21. Bh5 Kh7 22. Qg3 Rc4 23. Be2 Rf4 24. Rf1 Bh4 25. Qe3 Bxf2+ 26. Qxf2 Rxf2 27. Rxf2 Qc5 28. Rd1 g5 29. Kf1 Kg6 30. g4 Qe3 31. Rf3 Qxf3+ 32. Bxf3 fxg4 33. hxg4 Rxf3+ 34. Kg2 Re3 35. Rd2 h5 36. gxh5+ Kxh5 37. Kf2 Rh3 38. Kg2 Kg4 39. Re2 Rd3 40. Rc2 Rxd5 41. c4 Rc5 42. b3 bxc4 43. bxc4 d5 44. Rc3 Rxc4 45. Rg3+ Kf5 46. Rf3+ Rf4 47. Rd3 Ra4 48. Rf3+ Ke6 49. Rd3 e4 50. Re3 Ke5 51. Rb3 d4 52. Kf2 e3+ 53. Kf3 g4+ 54. Ke2 Ke4 55. Kf1 d3 56. Ke1 d2+ 57. Ke2 d1=Q+ 58. Kxd1 Kf3 59. Ke1 Rc4 60. Rb1 g3 61. Kf1 Rc3 62. Ra1 e2+ 63. Kg1 Rd3 0-1

[Event "FRA-ch Youth U18W 2019"]
[Site "Hyeres"]
[Date "2019.04.19"]
[Round "7.2"]
[White "Conti, Anne-Marie"]
[Black "Belluire, Beatrice"]
[Result "0-1"]
[ECO "A37"]
[WhiteElo "1809"]
[BlackElo "1870"]
[Annotator "NA"]
[PlyCount "58"]
[EventDate "2019.04.14"]
[EventType "swiss"]
[EventCountry "FRA"]
[SourceTitle "playchess.com"]
[Source "ChessBase"]
[SourceQuality "1"]
[TimeControl "5400+30"]

1. Nf3 c5 2. g3 Nc6 3. Bg2 g6 4. O-O Bg7 5. c4 e5 6. Nc3 Nge7 7. b3 O-O 8. Bb2 d6 9. Ne1 Be6 10. Nc2 d5 11. cxd5 Nxd5 12. Ne4 b6 13. Nc3 Qd7 14. Nxd5 Bxd5 15. Bxd5 Qxd5 16. Ne3 Qe6 17. Rc1 Rad8 18. Nc4 f5 19. f3 Bh6 20. a4 a6 21. Kf2 b5 22. axb5 axb5 23. Ne3 f4 24. gxf4 Bxf4 25. d3 Qh3 26. Ng2 Bxh2 27. Rh1 Qg3+ 28. Kf1 e4 29. Ne1 e3 0-1

[Event "FRA-ch Youth U18W 2019"]
[Site "Hyeres"]
[Date "2019.04.19"]
[Round "7.3"]
[White "Rollot, Florence"]
[Black "Bellahcene, Meriem"]
[Result "0-1"]
[ECO "D00"]
[WhiteElo "1975"]
[BlackElo "1883"]
[Annotator "NA"]
[PlyCount "70"]
[EventDate "2019.04.14"]
[EventType "swiss"]
[EventCountry "FRA"]
[SourceTitle "playchess.com"]
[Source "ChessBase"]
[SourceQuality "1"]
[TimeControl "5400+30"]

1. d4 d5 2. Nc3 e6 3. Bf4 c6 4. e3 Nf6 5. Bd3 Be7 6. Nf3 Nbd7 7. O-O O-O 8. h3 a6 9. Ne5 c5 10. Nxd7 Nxd7 11. dxc5 Nxc5 12. Rb1 Nxd3 13. Qxd3 b5 14. a3 Bb7 15. Rfd1 Qb6 16. Be5 Qc6 17. f3 Rac8 18. Bd4 f6 19. e4 dxe4 20. Qxe4 Qxe4 21. fxe4 Rfd8 22. Bf2 Kf7 23. Be1 e5 24. b4 Rd4 25. Kf2 Rcd8 26. Ke3 f5 27. exf5 Bxg2 28. h4 Bh3 29. Bg3 Bxf5 30. Rf1 Ke6 31. Rf2 Bxh4 32. Bxh4 Rxh4 33. Rb3 Rh3+ 34. Rf3 Rxf3+ 35. Kxf3 Bxc2 0-1

[Event "FRA-ch Youth U18W 2019"]
[Site "Hyeres"]
[Date "2019.04.20"]
[Round "8.1"]
[White "Bellahcene, Meriem"]
[Black "Lomandong, Noela-Joyce"]
[Result "0-1"]
[ECO "B23"]
[WhiteElo "1883"]
[BlackElo "1942"]
[Annotator "NA"]
[PlyCount "85"]
[EventDate "2019.04.14"]
[EventType "swiss"]
[EventCountry "FRA"]
[SourceTitle "playchess.com"]
[Source "ChessBase"]
[SourceQuality "1"]
[TimeControl "5400+30"]

1. e4 c5 2. Nc3 b6 3. d3 Bb7 4. g3 e6 5. Bg2 Be7 6. f4 Nf6 7. Nf3 d5 8. Qe2 O-O 9. O-O a6 10. a4 Nc6 11. h3 Nd4 12. Nxd4 cxd4 13. Nd1 dxe4 14. dxe4 Rc8 15. Re1 Bb4 16. c3 dxc3 17. Nxc3 Bxc3 18. bxc3 Rxc3 19. Qf2 Qc7 20. Rb1 Rc8 21. Bb2 Rc2 22. Qe3 Rxg2+ 23. Kxg2 Bxe4+ 24. Kg1 Bxb1 25. Rxb1 Nd5 26. Qf2 Qc2 27. Rc1 Qxf2+ 28. Kxf2 Rxc1 29. Bxc1 Nc3 30. a5 bxa5 31. Ke3 f5 32. Kd3 Ne4 33. g4 Nf2+ 34. Ke3 Ne4 35. gxf5 exf5 36. Kd4 Kf7 37. Ke5 g6 38. Ba3 Nf2 39. Kd5 Nxh3 40. Bd6 Nf2 41. Kc4 h5 42. Bc5 Ng4 43. Kd4 0-1

[Event "FRA-ch Youth U18W 2019"]
[Site "Hyeres"]
[Date "2019.04.20"]
[Round "8.2"]
[White "Belluire, Beatrice"]
[Black "Pucheu, Camille"]
[Result "1-0"]
[ECO "B38"]
[WhiteElo "1870"]
[BlackElo "1695"]
[Annotator "NA"]
[PlyCount "101"]
[EventDate "2019.04.14"]
[EventType "swiss"]
[EventCountry "FRA"]
[SourceTitle "playchess.com"]
[Source "ChessBase"]
[SourceQuality "1"]
[TimeControl "5400+30"]

1. e4 c5 2. Nf3 d6 3. d4 cxd4 4. Nxd4 Nf6 5. f3 g6 6. c4 Bg7 7. Nc3 O-O 8. Be3 Nc6 9. Be2 Bd7 10. O-O a6 11. Qd2 Rc8 12. b3 Qc7 13. Rac1 Qb8 14. Rfd1 Nxd4 15. Bxd4 b5 16. Bxf6 exf6 17. Qxd6 Qa7+ 18. Qd4 Qxd4+ 19. Rxd4 Bh6 20. Rxd7 Bxc1 21. Nd5 Kg7 22. Nc7 Kg8 23. Kf2 Rfd8 24. Rxd8+ Rxd8 25. Nd5 Kg7 26. cxb5 axb5 27. Bxb5 Ba3 28. Ke3 Rb8 29. Bc4 Bd6 30. h3 Rb7 31. a4 Ra7 32. Bb5 Ra8 33. Kd3 Rb8 34. b4 Rd8 35. Kc3 Rc8+ 36. Bc4 Be5+ 37. Kb3 Rb8 38. a5 Bd4 39. b5 Ra8 40. a6 Rb8 41. Kb4 Bf2 42. b6 Bxb6 43. Nxb6 Rxb6+ 44. Kc5 Rb1 45. a7 Ra1 46. Kb6 Rb1+ 47. Bb5 Ra1 48. Ba6 Rb1+ 49. Kc5 Rc1+ 50. Kb4 Rb1+ 51. Kc3 1-0

[Event "FRA-ch Youth U18W 2019"]
[Site "Hyeres"]
[Date "2019.04.20"]
[Round "8.3"]
[White "Breysse, Astrid"]
[Black "Conti, Anne-Marie"]
[Result "1-0"]
[ECO "B32"]
[WhiteElo "1628"]
[BlackElo "1809"]
[Annotator "NA"]
[PlyCount "75"]
[EventDate "2019.04.14"]
[EventType "swiss"]
[EventCountry "FRA"]
[SourceTitle "playchess.com"]
[Source "ChessBase"]
[SourceQuality "1"]
[TimeControl "5400+30"]

1. e4 c5 2. Nf3 Nc6 3. d4 cxd4 4. Nxd4 e5 5. Nb5 d6 6. N1c3 a6 7. Na3 b5 8. Nd5 Nge7 9. c4 Nd4 10. Be3 Nxd5 11. cxd5 g6 12. Bxd4 exd4 13. Qxd4 Rg8 14. Be2 Bg7 15. Qd2 Ra7 16. O-O h5 17. Rac1 Re7 18. Rfe1 Bb7 19. b3 Kf8 20. Bd3 h4 21. h3 Rh8 22. Nc2 f6 23. Nd4 Kf7 24. Ne6 Qb8 25. Rc2 Bh6 26. f4 Bc8 27. Qf2 Bxe6 28. dxe6+ Rxe6 29. Qxh4 Bg7 30. Qf2 Rhe8 31. Rc6 f5 32. Rxa6 fxe4 33. f5 gxf5 34. Qxf5+ Rf6 35. Qd5+ Kf8 36. Rxe4 Rc8 37. Kh2 Rf7 38. Qxd6+ 1-0

[Event "FRA-ch Youth U18W 2019"]
[Site "Hyeres"]
[Date "2019.04.21"]
[Round "9.1"]
[White "Lomandong, Noela-Joyce"]
[Black "Breysse, Astrid"]
[Result "1/2-1/2"]
[ECO "A00"]
[WhiteElo "1942"]
[BlackElo "1628"]
[Annotator "NA"]
[PlyCount "66"]
[EventDate "2019.04.14"]
[EventType "swiss"]
[EventCountry "FRA"]
[SourceTitle "playchess.com"]
[Source "ChessBase"]
[SourceQuality "1"]
[TimeControl "5400+30"]

1. b4 Nf6 2. Bb2 d5 3. Nf3 g6 4. e3 Bg7 5. Be2 O-O 6. O-O Bf5 7. Nd4 Bd7 8. f4 e6 9. d3 Nc6 10. Nxc6 Bxc6 11. Nd2 Qe7 12. a4 Rfd8 13. b5 Be8 14. g4 Nxg4 15. Ba3 Qh4 16. Bxg4 Bxa1 17. Qxa1 Qxg4+ 18. Kh1 Qe2 19. f5 d4 20. Ne4 Qxe3 21. Bc1 Qh3 22. Bg5 exf5 23. Nf6+ Kf8 24. Qd1 f4 25. Rxf4 Rd6 26. Rh4 Qf5 27. Nxh7+ Kg7 28. Bf4 Re6 29. Ng5 Rf6 30. Nh7 Re6 31. Ng5 Rf6 32. Nh7 Re6 33. Ng5 Rf6 1/2-1/2

[Event "FRA-ch Youth U18W 2019"]
[Site "Hyeres"]
[Date "2019.04.21"]
[Round "9.2"]
[White "Rollot, Florence"]
[Black "Belluire, Beatrice"]
[Result "1/2-1/2"]
[ECO "A37"]
[WhiteElo "1975"]
[BlackElo "1870"]
[Annotator "NA"]
[PlyCount "69"]
[EventDate "2019.04.14"]
[EventType "swiss"]
[EventCountry "FRA"]
[SourceTitle "playchess.com"]
[Source "ChessBase"]
[SourceQuality "1"]
[TimeControl "5400+30"]

1. Nf3 c5 2. c4 Nc6 3. g3 g6 4. Nc3 Bg7 5. Bg2 e5 6. O-O Nge7 7. Ne1 d6 8. Nc2 Be6 9. Ne3 Qd7 10. Ned5 O-O 11. Rb1 Rad8 12. a3 Bh3 13. b4 Nxd5 14. cxd5 Bxg2 15. Kxg2 Ne7 16. bxc5 dxc5 17. e4 Nc8 18. d3 Nd6 19. Qa4 b5 20. Qa5 Rb8 21. Be3 Rfc8 22. Rfc1 a6 23. f3 Bf6 24. Na2 c4 25. Qd2 cxd3 26. Nb4 Nc4 27. Qxd3 Qd6 28. Bh6 a5 29. Nc2 Be7 30. f4 f6 31. Ra1 Nb2 32. Qb3 Nc4 33. Qd3 Nb2 34. Qb3 Nc4 35. Qd3 1/2-1/2

[Event "FRA-ch Youth U18W 2019"]
[Site "Hyeres"]
[Date "2019.04.21"]
[Round "9.3"]
[White "Grall, Alba"]
[Black "Bellahcene, Meriem"]
[Result "1/2-1/2"]
[ECO "D00"]
[WhiteElo "1802"]
[BlackElo "1883"]
[Annotator "NA"]
[PlyCount "120"]
[EventDate "2019.04.14"]
[EventType "swiss"]
[EventCountry "FRA"]
[SourceTitle "playchess.com"]
[Source "ChessBase"]
[SourceQuality "1"]
[TimeControl "5400+30"]

1. d4 d5 2. Bf4 Nf6 3. Nc3 Bf5 4. e3 e6 5. a3 a5 6. Nf3 Bd6 7. Bg3 O-O 8. Be2 c6 9. O-O Bxg3 10. hxg3 Qd6 11. Ne5 Nfd7 12. g4 Bg6 13. f4 f6 14. Nxg6 hxg6 15. Bd3 Kf7 16. g5 Rh8 17. Qg4 f5 18. Qg3 Na6 19. Kf2 b5 20. Rh1 Nc7 21. Rh3 b4 22. Na4 c5 23. Rxh8 Rxh8 24. axb4 c4 25. Be2 Qxb4 26. c3 Qb5 27. Kg1 Nb6 28. Nc5 Qxb2 29. Qe1 Qb5 30. Nb7 Qc6 31. Nxa5 Qd7 32. Nb7 Ra8 33. Rxa8 Ncxa8 34. Nc5 Qa7 35. g4 Qa5 36. gxf5 exf5 37. Bf3 Nc7 38. Qb1 Qa7 39. Qb2 Ke7 40. Qb4 Kf7 41. Qb2 Ke8 42. Kf2 Qa5 43. Kg3 Ke7 44. Nb7 Qa6 45. Nc5 Qb5 46. Qa3 Kf7 47. Qa7 Qc6 48. Na6 Nba8 49. Nxc7 Nxc7 50. Bxd5+ Qxd5 51. Qxc7+ Kg8 52. Qc8+ Kh7 53. Qc5 Qe4 54. d5 Qd3 55. Qd4 Qf1 56. Qd2 Qg1+ 57. Kf3 Qf1+ 58. Kg3 Qg1+ 59. Kf3 Qh1+ 60. Qg2 Qd1+ 1/2-1/2